 Dungeon Crawl Stone Soup version 0.27.1 (webtiles) character file.

Game seed: 11653972756868465789

65 Reinor the Magician (level 3, -2/16 (19) HPs)
             Began as a Deep Elf Air Elementalist on Sept 1, 2021.
             Slain by a necrophage (5 damage)
             ... on level 3 of the Dungeon.
             The game lasted 00:05:38 (2623 turns).

Reinor the Magician (Deep Elf Air Elementalist)     Turns: 2623, Time: 00:05:39

HP:   -2/16 (19)    AC:  2    Str:  5    XL:     3   Next: 94%
MP:   6/11          EV: 12    Int: 20    God:
Gold: 18            SH:  0    Dex: 15    Spells: 5/11 levels left

rFire    . . .     SeeInvis .   g - +4 dagger
rCold    . . .     Faith    .   (no shield)
rNeg     . . .     Spirit   .   a - +0 robe
rPois    .         Reflect  .   (no helmet)
rElec    .         Harm     .   (no cloak)
rCorr    .         Rampage  .   (no gloves)
Will     .....                  (no boots)
Stlth    ++........             (no amulet)
HPRegen  0.05/turn              (no ring)
MPRegen  0.12/turn              (no ring)

@: unable to read, heavily drained
A: inability to read while threatened
a: no special abilities


You were on level 3 of the Dungeon.
You visited 1 branch of the dungeon, and saw 3 of its levels.

You collected 100 gold pieces.
You spent 82 gold pieces at shops.

Inventory:

Hand Weapons
 g - a +4 dagger (weapon)
Armour
 a - a +0 robe (worn)
 d - a +0 buckler
Scrolls
 h - a scroll of blinking
Potions
 b - 2 potions of berserk rage {unknown}
 c - a potion of might {unknown}
 e - a potion of heal wounds
 f - a potion of curing {unknown}


   Skills:
 - Level 2.4 Dodging
 - Level 2.4 Stealth
 + Level 4.6 Spellcasting
 + Level 3.1 Conjurations
 - Level 3.0 Air Magic


You had 5 spell levels left.
You knew the following spells:

 Your Spells              Type           Power      Damage    Failure   Level
a - Shock                 Conj/Air       64%        1d7       3%          1
b - Static Discharge      Conj/Air       16%        N/A       5%          2
c - Swiftness             Air            16%        N/A       11%         3

Your spell library contained the following spells:

 Spells                   Type           Power      Damage    Failure   Level
 Apportation              Tloc           8%         N/A       12%         1
 Airstrike                Air            8%         N/A       34%         4
 Alistair's Intoxication  Tmut/Pois      2%         N/A       98%         5
 Invisibility             Hex            2%         N/A       100%        6


Dungeon Overview and Level Annotations

Branches:
Dungeon (3/15)

Altars:
Beogh

Shops:
D:2 ?


Innate Abilities, Weirdness & Mutations

You sometimes lose the ability to read scrolls when taking damage.


Message History

The necrophage hits you.
You feel threatened and lose the ability to read scrolls!
* * * LOW HITPOINT WARNING * * *
You feel drained.
* * * LOW HITPOINT WARNING * * *
Casting: Shock (safe; 3% risk of failure)
Confirm with . or Enter, or press ? or * to list all spells.
Aiming: Shock (safe; 3% risk of failure)
Press: ? - help, Shift-Dir - straight line The zap hits the necrophage.
The necrophage is heavily damaged.
The zap hits the necrophage.
The necrophage is heavily damaged.
You can read scrolls again.
The necrophage hits you but does no damage.
Casting: Shock (safe; 3% risk of failure)
Confirm with . or Enter, or press ? or * to list all spells.
Aiming: Shock (safe; 3% risk of failure)
Press: ? - help, Shift-Dir - straight line The zap misses the necrophage.
The zap hits the necrophage.
The necrophage is severely damaged.
The necrophage misses you.
Casting: Shock (safe; 3% risk of failure)
Confirm with . or Enter, or press ? or * to list all spells.
Aiming: Shock (safe; 3% risk of failure)
Press: ? - help, Shift-Dir - straight line The zap misses the necrophage.
The zap hits the necrophage.
The necrophage is severely damaged.
The necrophage barely misses you.
Casting: Shock (safe; 3% risk of failure)
Confirm with . or Enter, or press ? or * to list all spells.
Aiming: Shock (safe; 3% risk of failure)
Press: ? - help, Shift-Dir - straight line The zap hits the necrophage.
The necrophage is severely damaged.
The zap hits the necrophage.
The necrophage is almost destroyed.
The necrophage hits you.
You feel threatened and lose the ability to read scrolls!
You die...

#..# #..#
#..# ##
##..#### #.
......
#.###..###.#
#.#....n...#
#.#n#.###.>#
#.@#.<#
#.###.# ##
.... .##.##
#. .# # .#
.# .#


You could see a necrophage.

Vanquished Creatures
  An adder (D:2)
  3 worms (D:2)
  3 bats (D:1)
  3 endoplasms
  4 giant cockroaches
  9 goblins
  5 hobgoblins
  2 quokkas (D:1)
  3 ball pythons (D:1)
  3 frilled lizards
  2 kobolds
  5 rats (D:1)
43 creatures vanquished.

Notes
Turn   | Place    | Note
-------+----------+-------------------------------------------
     0 | D:1      | Reinor the Deep Elf Air Elementalist began the quest for
                  | the Orb.
     0 | D:1      | Reached XP level 1. HP: 10/10 MP: 6/6
   277 | D:1      | Reached XP level 2. HP: 15/15 MP: 5/8
   280 | D:1      | Learned a level 2 spell: Static Discharge
   371 | D:1      | Found a faded altar of an unknown god.
   895 | D:1      | Reached skill level 4 in Spellcasting
  1157 | D:1      | Reached XP level 3. HP: 19/19 MP: 5/10
  1161 | D:1      | Learned a level 3 spell: Swiftness
  1302 | D:2      | Gained mutation: You sometimes lose the ability to read
                  | scrolls when taking damage. [potion of mutation]
  2286 | D:2      | Found Erihuiza's Magic Scroll Shoppe.
  2292 | D:2      | Bought a scroll of blinking for 82 gold pieces
  2610 | D:3      | Noticed a necrophage
  2623 | D:3      | Slain by a necrophage

Illustrated notes

Levels and vault maps discovered:
D:1:      minmay_arrival_split_and_join, layout_basic,
          hellmonk_ecumenical_altar_defaced_shrine
D:2:      layout_loops_corners, serial_shops, nicolae_diamond_shop,
          minmay_misc_feat_secret_circle, minmay_splitting_lines,
          minmay_heptomino_o4
D:3:      layout_loops_ring, serial_shops,
          nicolae_shop_competitors_out_of_business, uniq_terence

Skill      XL: |  1  2  3 |
---------------+----------+-----
Conjurations   | 2 3 |  3.1
Spellcasting   | 4 |  4.6
Dodging        | |  2.4
Stealth        | |  2.4
Air Magic      | |  3.0

Action                   || total
-------------------------++-------
Melee: Dagger            ||    15
 Cast: Shock             ||    86
  Use: Scroll            ||     4
       Potion            ||     1
 Stab: Sleeping          ||     3
Armor: Robe              ||     4
Dodge: Dodged            ||    12
